 Dungeon Crawl Stone Soup version 0.31-a0-174-g85c54bcb58 (webtiles) character file.

Game seed: 9476250713620815256

29896 qw the Severer (level 13, 0/58 HPs)
             Began as a Gargoyle Fighter on June 15, 2023.
             Was a Priest of Okawaru.
             Collided with a rock wall (14 damage)
             ... caused by a wretched star
             ... on level 2 of the Abyss.
             The game lasted 00:06:47 (11706 turns).

qw the Severer (Gargoyle Fighter)                  Turns: 11706, Time: 00:06:47

Health: 0/58       AC: 35    Str: 25    XL:     13   Next: 48%
Magic:  11/11      EV:  9    Int:  5    God:    Okawaru [***...]
Gold:   615        SH:  6    Dex:  5    Spells: 12/12 levels left

rFire   x x .        Y - +4 war axe (venom)
rCold   x x .        c - +0 buckler
rNeg    + . .        g - +0 plate armour
rPois   inf          n - +0 helmet
rElec   +            h - +0 cloak
rCorr   .            e - +1 pair of gloves
SInv    .            (no boots)
Will    .....        (no amulet) Stlth
                     o - +4 ring of protection
HPRegen 0.29/turn    p - +4 ring of protection
MPRegen 0.12/turn

%: clarity
@: heroic, slowed, unable to read, unable to drink, very slow
A: sickness immunity, AC +9, negative energy resistance 1, electricity
resistance, torment resistance 1, petrification resistance, clarity, [berserk
2], [clumsy 2], [deformed body], [dopey 2], [frail 3], [low MP 3], [screaming
2], [cold vulnerability 2], [heat vulnerability 2], [subdued magic 3],
[inability to drink after injury 2], [inability to read after injury 2]
a: Renounce Religion, Heroism


You were on level 2 of the Abyss.
You worshipped Okawaru.
Okawaru was most pleased with you.
You visited 3 branches of the dungeon, and saw 14 of its levels.
You visited the Abyss 1 time.
You also visited: Ossuary.

You collected 816 gold pieces.
You spent 201 gold pieces at shops.


Innate Abilities, Weirdness & Mutations

You are immune to sickness and miasma.
Your stone body is resilient. (AC +9)
You are immune to poison.
You resist negative energy. (rN+)
You are resistant to electric shocks. (rElec)
You are resistant to unholy torment.
You are immune to petrification.
You possess an exceptional clarity of mind.
[You have an uncontrollable temper.]
[You are very clumsy. (Dex -4)]
[Armour fits poorly on your strangely shaped body.]
[You are very dopey. (Int -4)]
[You are extremely frail. (-30% HP)]
[Your magical capacity is extremely low. (-30% MP)]
[You frequently scream uncontrollably at your foes.]
[You are very vulnerable to cold. (rC--)]
[You are very vulnerable to heat. (rF--)]
[Your spells are much easier to cast, but much less powerful.]
[You sometimes lose the ability to drink potions when taking damage.]
[You sometimes lose the ability to read scrolls when taking damage.]


   Skills:
 - Level 11.0(16.0) Fighting
 - Level 15.0(20.0) Axes
 - Level 3.0(8.0) Throwing
 + Level 10.8(15.8) Armour
 - Level 2.5(7.5) Dodging
 - Level 7.0(12.0) Shields
 - Level 4.0 Invocations


You had 12 spell levels left.
You didn't know any spells.
Your spell library was empty.

Inventory:

Hand Weapons
 u - a +0 morningstar
 Y - a +4 war axe of venom (weapon)
Missiles
 q - 2 boomerangs (quivered)
Armour
 c - a +0 buckler (worn)
 e - a +1 pair of gloves (worn)
 g - a +0 plate armour (worn)
 h - a +0 cloak (worn)
 k - the scarf of Conscience {harm, rC+ SInv}
   (You found it on level 10 of the Dungeon)

   rC:        It protects you from cold.
   SInv:      It lets you see invisible.
 n - a +0 helmet (worn)
Jewellery
 o - a +4 ring of protection (left hand)
 p - a +4 ring of protection (right hand)
Wands
 f - a wand of digging (7)
Scrolls
 a - 2 scrolls of identify
 r - a scroll of teleportation
Potions
 b - a potion of heal wounds
 d - a potion of might
 i - 2 potions of mutation
 j - 3 potions of attraction
 l - 3 potions of lignification
 m - 5 potions of curing
 s - 3 potions of haste
 v - a potion of cancellation

Dungeon Overview and Level Annotations

Branches:
Dungeon (10/15)            Temple (1/1) D:6            Lair (3/5) D:10
    Orc (0/2) D:10        Ossuary (visited)
  Swamp: Lair:2-3    Shoals: Lair:2-3     Snake: Lair:2-3    Spider: Lair:2-3

Altars:
Ashenzari
Cheibriados
Dithmenos
Elyvilon
Fedhas
Gozag
Hepliaklqana
Kikubaaqudgha
Makhleb
Nemelex Xobeh
Okawaru
Qazlal
Ru
Sif Muna
Trog
Uskayaw
Vehumet
Wu Jian
Xom
Yredelemnul
Zin
The Shining One

Shops:
D:5 (   D:9 *

Annotations:
D:4 2 transporters, qw's ghost, amateur NaHu
D:6 3 runed translucent doors, qw's ghost, novice GrHu
Lair:3 Sonja


Message History

You slash the wretched star!
The wretched star is severely damaged.
You closely miss the wretched star.
The wretched star is severely damaged.
The wretched star pulses with an eldritch light!
You feel a little pissed off.
You feel extremely angry at everything!
You barely miss the wretched star.
The wretched star is severely damaged.
The wretched star glows turbulently.
The lance of force hits you!
You feel threatened and lose the ability to read scrolls!
You feel threatened and lose the ability to drink potions!
You are knocked back by the lance of force.
You slam into the stone wall!
A raiju comes into view. x2
You barely miss the wretched star.
The wretched star is heavily damaged.
You can read scrolls again.
The raiju barks! x2; You hear a bark!
You hit the wretched star but do no damage.
The wretched star is heavily damaged.
The raiju bursts into living lightning!
The living lightning misses you.
The raiju blinks!
The wretched star glows turbulently.
The lance of force hits you.
You feel threatened and lose the ability to read scrolls!
You are knocked back by the lance of force.
You slam into the rock wall!
You slash the wretched star!
The wretched star is almost destroyed.
The raiju bursts into living lightning!
The living lightning hits the wretched star.
The wretched star resists.
The living lightning hits you but does no damage.
You resist.
The raiju blinks!
The wretched star glows turbulently.
The lance of force hits you!
You are knocked back by the lance of force.
You slam into the rock wall!
You die...

#.# .#.. ##
..h### #.
#h.#. #. #.
#..#. .#
#..#.# #
#.#.###
#.#.@.#.# .
#. #..*..##
.#
#.......ยค##
. .
....#..#.#
.# . # #..
#..... #. #
.. ...#..##
# #
.####.#.#
#.## . . ##
# ##


You could see a wretched star and 2 raiju.

Vanquished Creatures
  A lich (Abyss:2)
  A juggernaut zombie (Abyss:2)
  Harold (Lair:2)
  A hydra (Lair:2)
  2 two-headed ogres (D:9)
  3 death yaks (D:10)
  A sixfirhy (Abyss:2)
  A wretched star (Abyss:2)
  A manticore (D:8)
  A torpor snail (Lair:1)
  A black mamba (Lair:2)
  3 orange demons (Abyss:2)
  2 rime drakes (Lair:1)
  6 cane toads
  A kobold demonologist (D:10)
  6 komodo dragons
  4 polar bears (Lair:1)
  A troll (D:10)
  Grinder (D:6)
  2 hornets
  A raiju (Abyss:2)
  12 blink frogs
  A flying skull (Abyss:2)
  Sigmund (D:6)
  A shadow (D:10)
  35 yaks
  A wyvern (Lair:2)
  2 steam dragons
  2 neqoxecs (Abyss:2)
  3 nagas (Lair:3)
  7 water moccasins
  3 orc warriors
  2 black bears
  3 sky beasts
  2 ice beasts
  An ogre (D:4)
  10 wolves
  5 centaurs
  An elf zombie (Ossuary)
  2 phantoms (D:5)
  2 kobold brigands
  13 bullfrogs
  6 scorpions
  5 wights
  6 killer bees (D:7)
  3 electric eels (Lair:2)
  6 howler monkeys
  2 lava snakes (Lair:2)
  A quasit (Abyss:2)
  2 jellies
  4 orc priests
  3 hounds (D:5)
  A human zombie (Ossuary)
  A sleepcap (D:5)
  Terence (D:2)
  3 iguanas
  Natasha (thrice) (D:4)
  10 orc wizards
  4 mummies (Ossuary)
  Robin (D:4)
  10 adders
  A shadow imp (D:5)
  3 white imps (D:8)
  An adder zombie (Ossuary)
  A worm (D:2)
  4 dart slugs
  38 orcs
  4 ball pythons
  4 endoplasms
  A giant cockroach (D:1)
  18 goblins
  10 hobgoblins
  5 jackals
  13 kobolds
  5 quokkas
  6 bats
  6 frilled lizards
  4 goblin zombies (Ossuary)
  A hobgoblin zombie (Ossuary)
  2 jackal zombies (Ossuary)
  An orc zombie (Ossuary)
  9 rats
  A rat zombie (Ossuary)
360 creatures vanquished.

Notes
Turn   | Place    | Note
-------+----------+-------------------------------------------
     0 | D:1      | qw the Gargoyle Fighter began the quest for the Orb.
     0 | D:1      | Reached XP level 1. HP: 14/14 MP: 1/1
     0 | D:1      | 0 ||| qw: Version: 0.2-a-29-g511e9b1
     0 | D:1      | 0 ||| qw: Game counter: 5482
     0 | D:1      | 0 ||| qw: Always use a shield: true
     0 | D:1      | 0 ||| qw: God list: Okawaru
     0 | D:1      | 0 ||| qw: Allow faded altars: false
     0 | D:1      | 0 ||| qw: Do Orc after D:15 true
     0 | D:1      | 0 ||| qw: Do second Lair branch before Depths: true
     0 | D:1      | 0 ||| qw: Lair rune preference: random
     0 | D:1      | 0 ||| qw: Plans: Normal, Zot:1-4, Slime:5, God:TSO, Crypt,
                  | Tomb, Abyss, Pan, Hells, Win
     0 | D:1      | 0 ||| PLANNING D:1-11
    16 | D:1      | 16 ||| Stepping ~*~*~tactically~*~*~ (hiding).
    26 | D:1      | Reached skill level 2 in Axes
    85 | D:1      | Reached XP level 2. HP: 19/19 MP: 2/2
    85 | D:1      | 85 ||| Stepping ~*~*~tactically~*~*~ (stealth).
   144 | D:1      | 144 ||| Stepping ~*~*~tactically~*~*~ (hiding).
   210 | D:1      | 210 ||| FLEEEEING.
   211 | D:1      | 211 ||| FLEEEEING.
   387 | D:1      | 387 ||| Stepping ~*~*~tactically~*~*~ (stealth).
   599 | D:1      | 599 ||| UPGRADING to +0 cloak.
   604 | D:1      | 604 ||| READING 5 scrolls labelled WAUNOR VABOH.
   605 | D:1      | 605 ||| READING scroll labelled JUUREENTEG.
   606 | D:1      | 606 ||| READING scroll labelled XESTRU UC FATH.
   607 | D:1      | 607 ||| DRINKING 2 fizzy purple potions.
   712 | D:1      | 712 ||| DRINKING 2 fuming sapphire potions.
   713 | D:1      | 713 ||| READING 4 scrolls of identify.
   713 | D:1      | 713 ||| IDENTIFYING bubbling sapphire potion
   714 | D:1      | 714 ||| DROPPING potion of berserk rage.
   715 | D:1      | 715 ||| DROPPING potion of invisibility.
   743 | D:2      | 743 ||| Stepping ~*~*~tactically~*~*~ (stealth).
   744 | D:2      | 744 ||| Stepping ~*~*~tactically~*~*~ (stealth).
   754 | D:2      | Reached skill level 3 in Axes
   802 | D:2      | Reached XP level 3. HP: 23/23 MP: 3/3
   808 | D:2      | 808 ||| Stepping ~*~*~tactically~*~*~ (stealth).
   822 | D:2      | Noticed Terence
   829 | D:2      | Killed Terence
   839 | D:2      | 839 ||| Stepping ~*~*~tactically~*~*~ (stealth).
   882 | D:2      | Reached XP level 4. HP: 28/28 MP: 4/4
  1004 | D:2      | Reached skill level 4 in Axes
  1072 | D:2      | 1072 ||| Stepping ~*~*~tactically~*~*~ (stealth).
  1397 | D:2      | 1397 ||| UPGRADING to +0 pair of gloves.
  1402 | D:2      | 1402 ||| READING scroll labelled MIDUBAFACO.
  1403 | D:2      | 1403 ||| READING scroll labelled GUTIOPTE MIHIRPH.
  1435 | D:3      | 1435 ||| Stepping ~*~*~tactically~*~*~ (stealth).
  1472 | D:3      | 1472 ||| Stepping ~*~*~tactically~*~*~ (stealth).
  1709 | D:3      | 1709 ||| DROPPING +0 club.
  1745 | D:3      | Reached XP level 5. HP: 32/32 MP: 5/5
  1957 | D:3      | 1957 ||| UPGRADING to +0 plate armour.
  1967 | D:3      | 1967 ||| DROPPING +0 scale mail.
  1968 | D:3      | 1968 ||| DROPPING ring of magical power.
  2008 | D:4      | 2008 ||| PLANNING OSSUARY
  2025 | D:4      | Found a sand-covered staircase.
  2038 | Ossuary  | Entered an ossuary
  2058 | Ossuary  | Reached skill level 5 in Axes
  2074 | Ossuary  | Reached XP level 6. HP: 38/39 MP: 6/6
  2317 | Ossuary  | 2317 ||| READING 2 scrolls labelled GEWIOCAOPT.
  2347 | Ossuary  | 2347 ||| READING scroll labelled LICO ZAROLA.
  2348 | Ossuary  | 2348 ||| DRINKING 2 amethyst potions.
  2349 | Ossuary  | 2349 ||| DRINKING 2 cyan potions.
  2350 | Ossuary  | 2350 ||| DRINKING 2 fizzy red potions.
  2380 | Ossuary  | 2380 ||| READING 6 scrolls of identify.
  2380 | Ossuary  | 2380 ||| IDENTIFYING metallic cyan potion
  2381 | Ossuary  | 2381 ||| DROPPING potion of enlightenment.
  2382 | Ossuary  | 2382 ||| DROPPING scroll of torment.
  2398 | D:4      | 2398 ||| PLANNING D:1-11
  2431 | D:4      | Noticed Natasha
  2432 | D:4      | 2432 ||| Stepping ~*~*~tactically~*~*~ (hiding).
  2451 | D:4      | Killed Natasha
  2497 | D:4      | Noticed Natasha
  2498 | D:4      | 2498 ||| Stepping ~*~*~tactically~*~*~ (hiding).
  2507 | D:4      | Killed Natasha
  2615 | D:4      | Noticed Natasha
  2622 | D:4      | Reached skill level 6 in Axes
  2625 | D:4      | Killed Natasha
  2626 | D:4      | Reached XP level 7. HP: 28/44 MP: 7/7
  2635 | D:4      | 2635 ||| DRINKING potion of curing.
  2635 | D:4      | 2635 ||| (to cure confusion)
  2988 | D:4      | 2988 ||| Stepping ~*~*~tactically~*~*~ (stealth).
  2991 | D:4      | 2991 ||| Stepping ~*~*~tactically~*~*~ (stealth).
  3008 | D:4      | Noticed Robin
  3019 | D:4      | Killed Robin
  3021 | D:4      | 3021 ||| FLEEEEING.
  3022 | D:4      | 3022 ||| FLEEEEING.
  3023 | D:4      | 3023 ||| FLEEEEING.
  3024 | D:4      | 3024 ||| FLEEEEING.
  3161 | D:4      | Found a transporter.
  3163 | D:4      | Noticed qw's ghost (amateur NaHu)
  3204 | D:4      | Found a transporter.
  3248 | D:4      | 3248 ||| UPGRADING to +0 helmet.
  3253 | D:4      | 3253 ||| READING 3 scrolls labelled AVEGYM DUSY.
  3256 | D:4      | 3256 ||| READING scroll labelled IRPHOLI ZEBA.
  3257 | D:4      | 3257 ||| READING 5 scrolls of identify.
  3257 | D:4      | 3257 ||| IDENTIFYING puce potion
  3263 | D:5      | Entered Level 5 of the Dungeon
  3290 | D:5      | Found Cudiej's Weapon Shop.
  3325 | D:5      | 3325 ||| BUYING +2 heavy war axe (201 gold).
  3325 | D:5      | Bought a +2 heavy war axe for 201 gold pieces
  3325 | D:5      | 3325 ||| UPGRADING to +2 heavy war axe.
  3326 | D:5      | 3326 ||| DROPPING +0 war axe.
  3383 | D:5      | Reached skill level 7 in Axes
  3389 | D:5      | Reached XP level 8. HP: 49/49 MP: 8/8
  3430 | D:5      | Reached skill level 1 in Dodging
  3438 | D:5      | 3438 ||| Stepping ~*~*~tactically~*~*~ (hiding).
  3439 | D:5      | 3439 ||| Stepping ~*~*~tactically~*~*~ (hiding).
  3495 | D:5      | 3495 ||| Stepping ~*~*~tactically~*~*~ (stealth).
  3545 | D:5      | Reached skill level 8 in Axes
  3701 | D:5      | Reached skill level 6 in Fighting
  3706 | D:5      | 3706 ||| Stepping ~*~*~tactically~*~*~ (hiding).
  3868 | D:5      | 3868 ||| Stepping ~*~*~tactically~*~*~ (hiding).
  4148 | D:5      | 4148 ||| DROPPING scarf of harm.
  4149 | D:5      | 4149 ||| UPGRADING to +4 ring of protection.
  4150 | D:5      | 4150 ||| UPGRADING to ring of positive energy.
  4151 | D:5      | 4151 ||| READING scroll labelled MIABAI HIBB.
  4152 | D:5      | 4152 ||| READING scroll labelled JOEPNA BIMMUC.
  4153 | D:5      | 4153 ||| READING scroll labelled CEIPRI KEIKIQ.
  4154 | D:5      | 4154 ||| READING 4 scrolls of identify.
  4154 | D:5      | 4154 ||| IDENTIFYING inky potion
  4180 | D:6      | 4180 ||| DRINKING 3 potions of curing.
  4180 | D:6      | 4180 ||| (to cure confusion)
  4249 | D:6      | Reached skill level 6 in Armour
  4249 | D:6      | Reached XP level 9. HP: 52/55 MP: 9/9
  4258 | D:6      | Noticed Grinder
  4259 | D:6      | 4259 ||| Stepping ~*~*~tactically~*~*~ (hiding).
  4261 | D:6      | 4261 ||| Stepping ~*~*~tactically~*~*~ (hiding).
  4267 | D:6      | 4267 ||| Stepping ~*~*~tactically~*~*~ (hiding).
  4274 | D:6      | Paralysed by Grinder for 3 turns
  4279 | D:6      | Killed Grinder
  4293 | D:6      | 4293 ||| Stepping ~*~*~tactically~*~*~ (stealth).
  4297 | D:6      | 4297 ||| Stepping ~*~*~tactically~*~*~ (stealth).
  4298 | D:6      | 4298 ||| Stepping ~*~*~tactically~*~*~ (stealth).
  4299 | D:6      | 4299 ||| Stepping ~*~*~tactically~*~*~ (stealth).
  4330 | D:6      | Found a staircase to the Ecumenical Temple.
  4332 | D:6      | 4332 ||| PLANNING TEMPLE
  4332 | D:6      | 4332 ||| READING 3 scrolls of identify.
  4332 | D:6      | 4332 ||| IDENTIFYING coppery potion
  4333 | D:6      | 4333 ||| DROPPING potion of brilliance.
  4341 | Temple   | Entered the Ecumenical Temple
  4455 | Temple   | 4455 ||| PLANNING D:1-11
  4455 | Temple   | 4455 ||| READING scroll labelled WOF COSOMNYRCH.
  4553 | D:6      | 4553 ||| Stepping ~*~*~tactically~*~*~ (hiding).
  4564 | D:6      | Noticed Sigmund
  4568 | D:6      | Reached skill level 9 in Axes
  4569 | D:6      | Found a stormy altar of Qazlal.
  4579 | D:6      | Killed Sigmund
  4658 | D:6      | Identified the +0 plate armour of Birdsong {Dex+2}
  4660 | D:6      | Noticed qw's ghost (novice GrHu)
  4660 | D:6      | Found a runed translucent gate.
  4660 | D:6      | Found a runed translucent gate.
  4660 | D:6      | Found a runed translucent gate.
  4861 | D:6      | 4861 ||| UPGRADING to +4 ring of protection.
  4863 | D:6      | 4863 ||| DROPPING ring of positive energy.
  5097 | D:7      | Found a shimmering blue altar of Sif Muna.
  5164 | D:7      | 5164 ||| Stepping ~*~*~tactically~*~*~ (stealth).
  5170 | D:7      | 5170 ||| FLEEEEING.
  5177 | D:7      | Reached skill level 10 in Axes
  5178 | D:7      | Reached XP level 10. HP: 39/63 MP: 10/10
  5303 | D:7      | 5303 ||| Stepping ~*~*~tactically~*~*~ (hiding).
  5585 | D:7      | 5585 ||| DROPPING +0 flail.
  5756 | D:7      | Found a glowing silver altar of Zin.
  5756 | D:7      | Found a bloodstained altar of Trog.
  5763 | D:7      | Found a broken altar of Ashenzari.
  5765 | D:7      | Found a shimmering altar of Xom.
  5767 | D:7      | Found a faded altar of an unknown god.
  5967 | D:7      | 5967 ||| READING scroll labelled JEREOMI BOEDD.
  6068 | D:7      | 6068 ||| READING scroll labelled VOOLAOFF GEOGG.
  6095 | D:8      | Found a flagged portal.
  6096 | D:8      | 6096 ||| Stepping ~*~*~tactically~*~*~ (hiding).
  6148 | D:8      | Found a white marble altar of Elyvilon.
  6257 | D:8      | 6257 ||| Stepping ~*~*~tactically~*~*~ (hiding).
  6271 | D:8      | Reached skill level 1 in Throwing
  6283 | D:8      | HP: 11/64 [yak (6)]
  6284 | D:8      | 6284 ||| READING 2 scrolls of teleportation.
  6284 | D:8      | HP: 5/64 [yak (7)]
  6285 | D:8      | 6285 ||| DRINKING 3 potions of heal wounds.
  6287 | D:8      | Reached skill level 3 in Throwing
  6406 | D:8      | Noticed a manticore
  6413 | D:8      | Killed a manticore
  6433 | D:8      | 6433 ||| Stepping ~*~*~tactically~*~*~ (stealth).
  6585 | D:8      | 6585 ||| READING scroll of enchant weapon.
  6585 | D:8      | 6585 ||| ENCHANTING +3 war axe of protection.
  6597 | D:8      | Reached skill level 11 in Axes
  6757 | D:8      | 6757 ||| FLEEEEING.
  6758 | D:8      | 6758 ||| FLEEEEING.
  6759 | D:8      | 6759 ||| FLEEEEING.
  6760 | D:8      | 6760 ||| FLEEEEING.
  6761 | D:8      | 6761 ||| FLEEEEING.
  6762 | D:8      | 6762 ||| FLEEEEING.
  6763 | D:8      | 6763 ||| FLEEEEING.
  6764 | D:8      | 6764 ||| STAIRDANCE
  6795 | D:7      | 6795 ||| DROPPING ring of wizardry.
  6863 | D:8      | Found a basalt altar of Yredelemnul.
  7005 | D:9      | 7005 ||| Stepping ~*~*~tactically~*~*~ (hiding).
  7115 | D:9      | 7115 ||| READING scroll of brand weapon.
  7115 | D:9      | 7115 ||| BRANDING +4 war axe of protection.
  7167 | D:9      | 7167 ||| Stepping ~*~*~tactically~*~*~ (hiding).
  7169 | D:9      | 7169 ||| Stepping ~*~*~tactically~*~*~ (hiding).
  7170 | D:9      | 7170 ||| Stepping ~*~*~tactically~*~*~ (hiding).
  7177 | D:9      | 7177 ||| Stepping ~*~*~tactically~*~*~ (stealth).
  7178 | D:9      | 7178 ||| Stepping ~*~*~tactically~*~*~ (stealth).
  7217 | D:9      | Noticed a two-headed ogre
  7225 | D:9      | Killed a two-headed ogre
  7226 | D:9      | Reached XP level 11. HP: 51/68 MP: 11/11
  7336 | D:9      | Found a snail-covered altar of Cheibriados.
  7350 | D:9      | 7350 ||| FLEEEEING.
  7351 | D:9      | 7351 ||| FLEEEEING.
  7356 | D:9      | 7356 ||| FLEEEEING.
  7357 | D:9      | 7357 ||| Stepping ~*~*~tactically~*~*~ (hiding).
  7406 | D:9      | Found Wyniff's Overcharged Wands.
  7537 | D:9      | 7537 ||| Stepping ~*~*~tactically~*~*~ (hiding).
  7538 | D:9      | 7538 ||| Stepping ~*~*~tactically~*~*~ (hiding).
  7569 | D:9      | Reached skill level 9 in Fighting
  7635 | D:9      | Noticed a two-headed ogre
  7643 | D:9      | Killed a two-headed ogre
  8010 | D:10     | Entered Level 10 of the Dungeon
  8029 | D:10     | 8029 ||| Stepping ~*~*~tactically~*~*~ (hiding).
  8035 | D:10     | 8035 ||| Stepping ~*~*~tactically~*~*~ (hiding).
  8043 | D:10     | 8043 ||| FLEEEEING.
  8051 | D:10     | 8051 ||| FLEEEEING.
  8052 | D:10     | 8052 ||| FLEEEEING.
  8053 | D:10     | 8053 ||| FLEEEEING.
  8054 | D:10     | 8054 ||| FLEEEEING.
  8199 | D:10     | Found a staircase to the Orcish Mines.
  8333 | D:10     | Noticed a death yak
  8334 | D:10     | 8334 ||| Stepping ~*~*~tactically~*~*~ (stealth).
  8336 | D:10     | 8336 ||| Stepping ~*~*~tactically~*~*~ (stealth).
  8339 | D:10     | 8339 ||| Stepping ~*~*~tactically~*~*~ (stealth).
  8344 | D:10     | Noticed a death yak
  8345 | D:10     | Noticed a death yak
  8356 | D:10     | Killed a death yak
  8357 | D:10     | Reached skill level 12 in Axes
  8358 | D:10     | Reached skill level 9 in Armour
  8361 | D:10     | HP: 15/71 [death yak (5)]
  8361 | D:10     | HP: 6/71 [yak (9)]
  8362 | D:10     | 8362 ||| READING scroll of teleportation.
  8363 | D:10     | 8363 ||| DRINKING 2 potions of heal wounds.
  8380 | D:10     | Killed a death yak
  8549 | D:10     | Found a staircase to the Lair.
  8558 | D:10     | Identified the scarf of Conscience {harm, rC+ SInv}
  8653 | D:10     | 8653 ||| Stepping ~*~*~tactically~*~*~ (stealth).
  8670 | D:10     | Killed a death yak
  8671 | D:10     | Reached skill level 6 in Shields
  8695 | D:10     | Found an iron altar of Okawaru.
  8696 | D:10     | 8696 ||| PLANNING OKAWARU WORSHIP
  8696 | D:10     | 8696 ||| READING scroll labelled GAEZUI ANNECAD.
  8697 | D:10     | 8697 ||| READING 4 scrolls of identify.
  8697 | D:10     | 8697 ||| IDENTIFYING green potion
  8698 | D:10     | 8698 ||| READING 3 scrolls of identify.
  8698 | D:10     | 8698 ||| IDENTIFYING smoky clear potion
  8699 | D:10     | 8699 ||| DROPPING potion of degeneration.
  8708 | D:10     | Became a worshipper of Warmaster Okawaru
  8709 | D:10     | 8709 ||| PLANNING D:1-11
  8763 | D:10     | 8763 ||| PLANNING LAIR
  8811 | Lair:1   | Entered Level 1 of the Lair of Beasts
  8814 | Lair:1   | 8814 ||| STAIRDANCE
  8870 | Lair:1   | 8870 ||| Stepping ~*~*~tactically~*~*~ (stealth).
  8906 | Lair:1   | 8906 ||| Stepping ~*~*~tactically~*~*~ (stealth).
  8907 | Lair:1   | 8907 ||| Stepping ~*~*~tactically~*~*~ (stealth).
  8923 | Lair:1   | Reached * piety under Okawaru
  8924 | Lair:1   | 8924 ||| INVOKING Heroism.
  9112 | Lair:1   | 9112 ||| Stepping ~*~*~tactically~*~*~ (stealth).
  9113 | Lair:1   | 9113 ||| INVOKING Heroism.
  9119 | Lair:1   | Reached skill level 1 in Invocations
  9209 | Lair:1   | 9209 ||| INVOKING Heroism.
  9215 | Lair:1   | Reached XP level 12. HP: 66/77 MP: 9/13
  9298 | Lair:1   | 9298 ||| INVOKING Heroism.
  9348 | Lair:1   | Identified the +5 great mace of Starshine {drain, Str+3
                  | Int+4}
  9357 | Lair:1   | 9357 ||| INVOKING Heroism.
  9971 | Lair:2   | Reached skill level 3 in Invocations
  9979 | Lair:2   | 9979 ||| READING scroll of enchant armour.
  9979 | Lair:2   | 9979 ||| ENCHANTING +0 pair of gloves.
  9982 | Lair:2   | 9982 ||| INVOKING Heroism.
 10061 | Lair:2   | 10061 ||| Stepping ~*~*~tactically~*~*~ (stealth).
 10106 | Lair:2   | 10106 ||| INVOKING Heroism.
 10118 | Lair:2   | Reached skill level 13 in Axes
 10213 | Lair:2   | Noticed a five-headed hydra
 10213 | Lair:2   | Noticed Harold
 10214 | Lair:2   | 10214 ||| Stepping ~*~*~tactically~*~*~ (hiding).
 10215 | Lair:2   | 10215 ||| Stepping ~*~*~tactically~*~*~ (hiding).
 10216 | Lair:2   | 10216 ||| INVOKING Heroism.
 10220 | Lair:2   | 10220 ||| SWAPPING to +0 morningstar.
 10226 | Lair:2   | Killed a five-headed hydra
 10239 | Lair:2   | Killed Harold
 10243 | Lair:2   | 10243 ||| FLEEEEING.
 10244 | Lair:2   | 10244 ||| FLEEEEING.
 10245 | Lair:2   | 10245 ||| FLEEEEING.
 10246 | Lair:2   | 10246 ||| FLEEEEING.
 10247 | Lair:2   | 10247 ||| FLEEEEING.
 10248 | Lair:2   | 10248 ||| FLEEEEING.
 10249 | Lair:2   | 10249 ||| FLEEEEING.
 10250 | Lair:2   | 10250 ||| FLEEEEING.
 10251 | Lair:2   | 10251 ||| FLEEEEING.
 10252 | Lair:2   | 10252 ||| FLEEEEING.
 10253 | Lair:2   | 10253 ||| FLEEEEING.
 10256 | Lair:2   | 10256 ||| FLEEEEING.
 10257 | Lair:2   | 10257 ||| STAIRDANCE
 10338 | Lair:1   | 10338 ||| UPGRADING to +4 war axe of venom.
 10351 | Lair:2   | 10351 ||| STAIRDANCE
 10358 | Lair:1   | Reached ** piety under Okawaru
 10361 | Lair:2   | 10361 ||| STAIRDANCE
 10363 | Lair:1   | 10363 ||| INVOKING Heroism.
 10408 | Lair:2   | 10408 ||| Stepping ~*~*~tactically~*~*~ (stealth).
 10409 | Lair:2   | 10409 ||| INVOKING Heroism.
 10427 | Lair:2   | 10427 ||| INVOKING Heroism.
 10437 | Lair:2   | 10437 ||| Stepping ~*~*~tactically~*~*~ (stealth).
 10454 | Lair:2   | 10454 ||| INVOKING Heroism.
 10521 | Lair:2   | 10521 ||| Stepping ~*~*~tactically~*~*~ (stealth).
 10526 | Lair:2   | 10526 ||| Stepping ~*~*~tactically~*~*~ (stealth).
 10537 | Lair:2   | 10537 ||| FLEEEEING.
 10538 | Lair:2   | 10538 ||| FLEEEEING.
 10539 | Lair:2   | 10539 ||| FLEEEEING.
 10540 | Lair:2   | 10540 ||| FLEEEEING.
 10617 | Lair:2   | Reached skill level 14 in Axes
 10668 | Lair:2   | 10668 ||| Stepping ~*~*~tactically~*~*~ (stealth).
 10670 | Lair:2   | 10670 ||| Stepping ~*~*~tactically~*~*~ (stealth).
 10960 | Lair:3   | 10960 ||| Stepping ~*~*~tactically~*~*~ (stealth).
 10962 | Lair:3   | 10962 ||| INVOKING Heroism.
 10968 | Lair:3   | Reached XP level 13. HP: 83/83 MP: 13/16
 10987 | Lair:3   | 10987 ||| INVOKING Heroism.
 11081 | Lair:3   | 11081 ||| Stepping ~*~*~tactically~*~*~ (stealth).
 11119 | Lair:3   | 11119 ||| INVOKING Heroism.
 11243 | Lair:3   | 11243 ||| Stepping ~*~*~tactically~*~*~ (stealth).
 11245 | Lair:3   | 11245 ||| Stepping ~*~*~tactically~*~*~ (hiding).
 11278 | Lair:3   | Noticed Sonja
 11282 | Lair:3   | Reached *** piety under Okawaru
 11283 | Lair:3   | Identified the +1 sling of Qacs {drain, rN+}
 11287 | Abyss:2  | Cast into level 2 of the Abyss (Sonja)
 11311 | Abyss:2  | 11311 ||| INVOKING Heroism.
 11347 | Abyss:2  | 11347 ||| INVOKING Heroism.
 11462 | Abyss:2  | Received a gift from Okawaru
 11483 | Abyss:2  | 11483 ||| Stepping ~*~*~tactically~*~*~ (hiding).
 11525 | Abyss:2  | 11525 ||| Stepping ~*~*~tactically~*~*~ (stealth).
 11561 | Abyss:2  | Gained mutation: You possess an exceptional clarity of
                  | mind. [a neqoxec]
 11607 | Abyss:2  | 11607 ||| Stepping ~*~*~tactically~*~*~ (stealth).
 11612 | Abyss:2  | Noticed a lich
 11613 | Abyss:2  | 11613 ||| INVOKING Heroism.
 11614 | Abyss:2  | 11614 ||| Stepping ~*~*~tactically~*~*~ (hiding).
 11629 | Abyss:2  | Killed a lich
 11630 | Abyss:2  | Reached skill level 15 in Axes
 11658 | Abyss:2  | 11658 ||| INVOKING Heroism.
 11681 | Abyss:2  | 11681 ||| INVOKING Heroism.
 11691 | Abyss:2  | 11691 ||| INVOKING Heroism.
 11706 | Abyss:2  | HP: 14/58 [wretched star/lance of force (11)]
 11706 | Abyss:2  | Collided with a rock wall

Levels and vault maps discovered:
D:1:      eino_arrival_water_star, layout_rooms, minmay_misc_feat_pillars
D:2:      layout_basic, uniq_terence
D:3:      layout_basic
D:4:      black_bear_nest_2, layout_gridville, enter_ossuary_1,
          gammafunk_ghost_mausoleum, minmay_misc_feat_plants, uniq_robin,
          uniq_natasha
D:5:      layout_basic, serial_shops, nicolae_shop_bloodbath_and_beyond,
          grunt_ministairs_13
D:6:      layout_rooms, nicolae_qazlal_beasts_of_the_sky,
          minmay_temple_entry_mist, biasface_ghost_orc_armoury, uniq_sigmund,
          uniq_grinder
D:7:      layout_basic, mainiacjoe_overflow_paths,
          chequers_temple_overflow_minitemple, minmay_manual_maat
D:8:      layout_basic, enter_bailey_5, grunt_ministairs_6, st_stairs_8,
          columned_hall_lemuel, minivault_1, hangedman_feature_mirror
D:9:      layout_stronghold, cheibriados_altar_1, minivault_11,
          nicolae_shop_overcharged_wands
D:10:     layout_basic, marbit_many_paths, dpeg_lair_monsters, orc_0_dummy
Temple:   nicolae_temple_superstar
Lair:1:   layout_roguey, cheibrodos_lair_lostbears
Lair:2:   layout_roguey, nicolae_lair_liquid_snakes, uniq_harold
Lair:3:   layout_loops_ring, minmay_swamp_entry_reptiles,
          minmay_snake_entry_guardpost_small, minivault_26, beast_lair_carwin_7,
          uniq_sonja
Abyss:2:  base: D:13, base: D:12, evilmike_abyss_exit_9

Skill      XL: |  1  2  3  4  5  6  7  8  9 10 11 12 13 |
---------------+----------------------------------------+-----
Axes           | 2 3 4 5 6 7 8 10 11 12 14 15 | 15.0
Fighting       | 4 5 6 7 8 10 11 | 11.0
Armour         | 4 6 7 8 9 10 | 10.8
Dodging        | 1 2 |  2.5
Shields        | 4 5 6 7 |  7.0
Throwing       | 3 |  3.0
Invocations    | 1 4 |  4.0

Action                     |  1- 3 |  4- 6 |  7- 9 | 10-12 | 13-15 || total
---------------------------+-------+-------+-------+-------+-------++-------
  Melee: War axe           |    93 |   219 |   223 |   481 |   161 ||  1177
         Morningstar       |       |       |       |    18 |       ||    18
  Throw: Javelin           |       |       |       |    23 |       ||    23
         Boomerang         |       |       |       |    64 |    14 ||    78
 Invoke: Heroism           |       |       |       |    13 |     8 ||    21
    Use: Scroll            |     4 |     5 |     9 |    10 |       ||    28
         Potion            |     2 |     3 |     2 |     2 |       ||     9
   Stab: Distracted        |       |       |       |       |     1 ||     1
 Armour: Scale mail        |    44 |    53 |       |       |       ||    97
         Plate armour      |       |    81 |   258 |   381 |    90 ||   810
  Dodge: Dodged            |    46 |    93 |    86 |   141 |    49 ||   415
  Block: Buckler           |    20 |    40 |    53 |   103 |    26 ||   242

Table legend:
 A = Non-vault XP
 B = Vault XP
 C = Vault XP percentage of total XP
 D = Non-vault monster count
 E = Vault monster count
 F = Vault count percentage of total count
                 A         B        C        D         E       F
            +---------+---------+-------+---------+---------+-------
      Total |   33186 |    9523 |  22.3 |     278 |      82 |  22.8
            +---------+---------+-------+---------+---------+-------
        D:1 |      28 |       0 |   0.0 |      18 |       0 |   0.0
        D:2 |      54 |      36 |  40.0 |      23 |       1 |   4.2
        D:3 |      87 |       0 |   0.0 |      24 |       0 |   0.0
        D:4 |     317 |     200 |  38.7 |      12 |      14 |  53.8
        D:5 |    1068 |      91 |   7.9 |      27 |       2 |   6.9
        D:6 |     736 |     624 |  45.9 |      15 |       3 |  16.7
        D:7 |    2324 |     246 |   9.6 |      26 |       4 |  13.3
        D:8 |    1249 |    1201 |  49.0 |      15 |      16 |  51.6
        D:9 |    2575 |       0 |   0.0 |      20 |       0 |   0.0
       D:10 |    2717 |    2500 |  47.9 |      17 |       7 |  29.2
     Lair:1 |    3715 |    1176 |  24.0 |      17 |       4 |  19.0
     Lair:2 |    8903 |    1117 |  11.1 |      38 |       6 |  13.6
     Lair:3 |    2843 |    2103 |  42.5 |      13 |       9 |  40.9
    Abyss:2 |    6570 |       0 |   0.0 |      13 |       0 |   0.0
    Ossuary |       0 |     229 | 100.0 |       0 |      16 | 100.0
            +---------+---------+-------+---------+---------+-------
